 Dungeon Crawl Stone Soup version 0.21.0-25-ge575cb9 (webtiles) character file.

144532 robertstho the Severer (level 16, -14/154 HPs)
             Began as a Minotaur Berserker on Jan 23, 2018.
             Was a High Priest of Trog.
             Demolished by an orc knight
             ... wielding a +0 battleaxe of chopping
              (29 damage)
             ... while paralysed by an orc sorcerer
             ... on level 2 of the Orcish Mines.
             The game lasted 01:19:29 (26789 turns).

robertstho the Severer (Minotaur Berserker)        Turns: 26789, Time: 01:19:30

Health: -14/154    AC: 26    Str: 23    XL:     16   Next: 55%
Magic:  15/15      EV:  2    Int: -2 (4) God:    Trog [*****.]
Gold:   3064       SH:  0    Dex: 16    Spells: 15/15 levels left

rFire    + + .     SeeInvis .   T - +2 battleaxe (freeze)
rCold    . . .     Gourm    .   (shield currently unavailable)
rNeg     . . .     Faith    .   W - +8 scale mail "Cybasean" {rF++}
rPois    +         Spirit   .   e - +2 hat
rElec    +         Reflect  .   J - +0 cloak of Claustrophobia {rCorr} (curse)
rCorr    +         Harm     .   Y - +2 pair of gloves
MR       +....                  g - +1 pair of boots
Stlth    ++........             (no amulet)
HPRegen  0.35/turn              F - ring of Xom's Full Attention {rElec rPois}
MPRegen  0.14/turn              S - ring of Shadows {Umbra +Inv Stlth+}

@: paralysed, slowed, lost intelligence, wreathed by umbra, heavily drained
A: retaliatory headbutt, horns 2
}: 1/15 runes: serpentine
a: Berserk, Trog's Hand, Brothers in Arms, Burn Spellbooks, Renounce Religion,
Evoke Invisibility


You were on level 2 of the Orcish Mines.
You worshipped Trog.
Trog was extremely pleased with you.
You were hungry.

You visited 4 branches of the dungeon, and saw 24 of its levels.
You visited the Abyss 1 time.
You also visited: Labyrinth and Bailey.

You collected 3244 gold pieces.
You spent 180 gold pieces at shops.

Inventory:

Hand Weapons
 b - a +6 fustibalus of flaming
 f - a +0 scimitar of flaming
 s - a +4 antimagic broad axe
 T - a +2 battleaxe of freezing (weapon)
Missiles
 Q - 167 sling bullets
Armour
 e - a +2 hat (worn)
 g - a +1 pair of boots (worn)
 l - a +2 large shield
 H - a scarf of cloud immunity
 I - a +2 chain mail of poison resistance
 J - the cursed +0 cloak of Claustrophobia (worn) {rCorr}
   (You found it on level 3 of the Lair of Beasts)

   It protects you from acid and corrosion.
   It has a curse placed upon it.
 W - the +8 scale mail "Cybasean" (worn) {rF++}
   (You found it on level 12 of the Dungeon)

   It greatly protects you from fire.
 Y - a +2 pair of gloves (worn)
Jewellery
 k - a +5 ring of protection
 x - an uncursed ring of poison resistance
 A - an uncursed ring of fire
 F - the ring of Xom's Full Attention (left hand) {rElec rPois}
   (You found it on level 5 of the Lair of Beasts)

   [ring of poison resistance]

   It insulates you from electricity.
   It protects you from poison.
 K - a +4 ring of slaying
 S - the ring of Shadows (right hand) {Umbra +Inv Stlth+}
   (You found it on level 4 of the Lair of Beasts)

   [ring of stealth]

   It lets you turn invisible.
   It makes you more stealthy.
 X - a +5 ring of protection
Wands
 a - a wand of scattershot (3)
 o - a wand of acid (14)
 t - a wand of digging (5)
 v - a wand of polymorph (31)
 y - a wand of disintegration (61)
 M - a wand of iceblast (27)
 V - a wand of enslavement (28)
Scrolls
 d - 8 scrolls of magic mapping
 i - 22 scrolls of remove curse
 j - 2 scrolls of teleportation
 m - 6 scrolls of enchant weapon
 p - 5 scrolls of fear
 r - 2 scrolls of summoning
 z - 2 scrolls of fog
 B - a scroll of identify
 D - 2 scrolls of silence
 E - a scroll of noise {unknown}
 O - 4 scrolls of blinking
 U - 3 scrolls of brand weapon
 Z - a scroll of holy word
Potions
 h - 4 potions of cancellation
 n - 4 potions of flight
 u - 11 potions of curing
 w - 2 potions of lignification
 C - 3 potions of resistance
 G - a potion of haste
 L - 3 potions of might
 N - 2 potions of heal wounds
 P - a potion of berserk rage
 R - a potion of agility
Miscellaneous
 q - a lightning rod (4/4)
Comestibles
 c - 19 rations


   Skills:
 * Level 16.9(13.9) Fighting
 * Level 20.7(17.7) Axes
   Level 6.0(12.2) Maces & Flails
 + Level 6.9(4.5) Slings
 * Level 14.8(11.9) Armour
 + Level 7.1(4.7) Dodging
 + Level 2.9(0.7) Stealth
 + Level 11.3(8.6) Shields
 + Level 0.1(0.0) Evocations


You had 15 spell levels left.
You didn't know any spells.

Dungeon Overview and Level Annotations

Branches:
Dungeon (12/15)            Temple (0/1) D:6            Lair (6/6) D:8
 Shoals (0/4) Lair:2        Snake (4/4) Lair:2        Slime (0/5) Lair:6
    Orc (2/2) D:11            Elf (0/3) Orc:2

Altars:
Cheibriados
Elyvilon
Hepliaklqana
Kikubaaqudgha
Makhleb
Okawaru
Ru
Sif Muna
Uskayaw
Vehumet
Wu Jian
Xom
The Shining One

Shops:
D:4 (   D:7 *(%(   Orc:2 [

Annotations:
D:4 408 +4 br ax


Innate Abilities, Weirdness & Mutations

You reflexively headbutt those who attack you in melee.
You have a pair of horns on your head.


Message History

An orc knight comes into view. It is wielding a great mace.
The orc knight shouts!
You hear a shout!
The orc sorcerer gestures at you while chanting.
The bolt of negative energy hits you!
You feel drained.
* * * LOW HITPOINT WARNING * * *
The red devil hits you but does no damage.
The orc knight moves out of view.
The orc sorcerer mumbles some strange words.
The neqoxec gestures.
The orc sorcerer becomes larger for a moment.
The orc sorcerer points at you and mumbles some strange words.
The bolt of negative energy hits you!
You feel drained.
* * * LOW HITPOINT WARNING * * *
The orc sorcerer casts a spell at you. You resist with some effort.
The red devil hits you but does no damage.
The orc high priest mumbles some strange prayers to Beogh.
The orc knight roars a battlecry!
The orc knight hits you with a battleaxe of chopping!!
You die...

...........#...#
....##.######.##
........### ###
..........##
...........#
..........## ........###
# ........# ###### ##
........# ##.3o@# ##.
........# ##..##oo{45#
#.. ........#
#..##4ooo335# #..
........###.##..3##o#55#
#.. ........##..##..##
o# 5# #...
........##.##... . ##.#
........##.##... # ###
........##.##...
........##.#####.


You could see 2 orc knights, a soul eater, 2 orc high priests, an orange demon,
a smoke demon, 2 neqoxecs, 2 orc sorcerers, a red devil, 2 orc warriors, an iron
imp, 2 shadow imps and 2 ufetubi.

Vanquished Creatures
  Gastronok (D:8)
  A tengu reaver (D:12)
  Roxanne (Snake:1)
  5 nagarajas
  A fire giant (D:12)
  Louise (Snake:1)
  An orc warlord (Orc:2)
  A minotaur (Lab)
  A fire dragon (Lair:6)
  Erolcha (Orc:2)
  11 naga warriors
  4 hydras
  5 anacondas
  3 two-headed ogres
  A tengu warrior (D:12)
  4 shock serpents
  5 naga sharpshooters
  A thrashing horror (Abyss:3)
  Urug (D:12)
  A deep elf knight (D:12)
  A wretched star (Abyss:3)
  2 fire crabs (Lair:3)
  A salamander mystic (Snake:4)
  2 unseen horrors (D:12)
  A swamp dragon (Lair:6)
  Pikel (D:7)
  5 naga ritualists
  A wolf spider zombie (D:12)
  A wolf spider (Lair:6)
  An orc knight (Orc:2)
  10 mana vipers
  A manticore (D:12)
  2 orc sorcerers (Orc:2)
  An ugly thing (D:11)
  5 elephants (Lair:5)
  5 salamanders
  12 guardian serpents
  39 black mambas
  A smoke demon (Abyss:3)
  17 naga magi
  Joseph (D:7)
  16 spiny frogs
  4 komodo dragons (Lair:6)
  3 rime drakes
  A yaktaur (D:12)
  A freezing wraith (D:12)
  A tengu conjurer (D:12)
  4 trolls
  A large abomination (Abyss:3)
  3 hornets (Lair:6)
  4 raiju (Abyss:3)
  5 dream sheep (Lair:6)
  23 blink frogs
  12 hippogriffs
  A snapping turtle (Lair:2)
  2 shadows (D:12)
  2 wraiths
  12 wyverns
  3 basilisks
  A redback (Lair:6)
  A spriggan (D:7)
  A vampire (Abyss:3)
  A fire bat (Lair:3)
  29 yaks
  3 fire elementals
  A hungry ghost (D:10)
  4 steam dragons
  3 wargs (Orc:2)
  A spatial vortex (Abyss:3)
  An acid dragon (D:12)
  61 nagas
  21 water moccasins
  The ghost of pokedragonboy the Chiller, an amateur DEIE (D:4)
  A hell hound (Lair:3)
  4 swamp drakes (Lair:6)
  6 porcupines
  2 black bears
  A sky beast (D:9)
  3 slaves (D:7)
  A small abomination (Abyss:3)
  A boggart (D:12)
  20 orc warriors
  An eye of draining (D:10)
  4 phantoms
  7 ogres
  8 wolves
  4 centaurs
  12 crocodiles
  A big kobold (D:11)
  15 bullfrogs
  9 gnoll sergeants
  A wyvern zombie (D:10)
  6 scorpions
  8 killer bees
  4 wights (D:6)
  4 howler monkeys
  5 electric eels
  4 crimson imps
  2 bullfrog zombies
  A quasit (Abyss:3)
  A wyvern simulacrum (D:12)
  4 centaur zombies
  3 hounds
  20 orc priests
  A centaur skeleton (D:9)
  6 gnoll shamans (Bailey)
  6 jellies
  Crazy Yiuf (D:3)
  3 bullfrog skeletons
  3 iguanas
  Terence (D:2)
  15 orc wizards
  4 worker ants
  A hound zombie (D:10)
  A hound skeleton (D:5)
  A worker ant zombie (D:7)
  Robin (D:2)
  30 gnolls
  23 adders
  A shadow imp (D:6)
  5 oozes
  3 adder skeletons (D:4)
  4 worms
  5 dart slugs
  8 leopard geckos
  97 orcs
  A ball python (D:4)
  3 giant cockroaches
  19 goblins
  6 hobgoblins
  12 jackals
  14 kobolds
  4 quokkas
  8 bats
  9 frilled lizards
  A giant cockroach zombie (D:5)
  A jackal skeleton (D:7)
  5 rats
  4 fungi
  11 plants
868 creatures vanquished.

Vanquished Creatures (collateral kills)
  A nagaraja (Snake:4)
  4 naga warriors (Snake:4)
  3 naga sharpshooters (Snake:4)
  2 spatial maelstroms (Abyss:3)
  2 naga ritualists (Snake:4)
  A guardian serpent (Snake:4)
  2 naga magi (Snake:4)
  A smoke demon (Abyss:3)
  A hornet (D:12)
  A raiju (Abyss:3)
  A blink frog (Abyss:3)
  5 yaks (D:12)
  7 nagas (Snake:4)
  3 spatial vortices (Abyss:3)
  A small abomination (Abyss:3)
  A quasit (Abyss:3)
36 creatures vanquished.

Vanquished Creatures (others)
  A naga warrior (Snake:4)
  7 fungi (Lair:6)
  13 plants
21 creatures vanquished.

Grand Total: 925 creatures vanquished

Notes
Turn   | Place    | Note
-------+----------+-------------------------------------------
     0 | D:1      | robertstho the Minotaur Berserker began the quest for the Orb.
     0 | D:1      | Reached XP level 1. HP: 19/19 MP: 0/0
    20 | D:1      | Reached skill level 4 in Axes
    20 | D:1      | HP: 1/30 [gnoll/spear (4)]
    22 | D:1      | Reached XP level 2. HP: 1/27 MP: 1/1
   346 | D:1      | You fall through a shaft!
   350 | D:2      | Reached XP level 3. HP: 22/34 MP: 2/2
   601 | D:2      | Reached ** piety under Trog
   892 | D:2      | Reached XP level 4. HP: 29/41 MP: 3/3
   947 | D:2      | Reached skill level 5 in Axes
  1114 | D:2      | Noticed Terence
  1127 | D:2      | Killed Terence
  1148 | D:2      | Noticed Robin
  1162 | D:2      | Killed Robin
  1168 | D:2      | Reached skill level 5 in Fighting
  1351 | D:2      | Reached *** piety under Trog
  1351 | D:2      | Reached XP level 5. HP: 48/48 MP: 4/4
  1684 | D:3      | Found a shimmering altar of Xom.
  1777 | D:3      | Reached skill level 6 in Axes
  1840 | D:3      | Reached XP level 6. HP: 40/56 MP: 5/5
  2238 | D:3      | Received a gift from Trog
  2370 | D:3      | Found a runed door.
  2374 | D:3      | Noticed Crazy Yiuf
  2377 | D:3      | Killed Crazy Yiuf
  2377 | D:3      | Reached skill level 7 in Axes
  2481 | D:4      | Noticed pokedragonboy's ghost (amateur DEIE)
  2488 | D:4      | Killed pokedragonboy's ghost
  2533 | D:4      | Found an ancient bone altar of Kikubaaqudgha.
  2535 | D:4      | Found Ywanoran's Weapon Shop.
  2573 | D:4      | Reached XP level 7. HP: 47/62 MP: 6/6
  2786 | D:4      | Reached skill level 1 in Shields
  2914 | D:4      | Found a snail-covered altar of Cheibriados.
  2950 | D:4      | Reached **** piety under Trog
  3416 | D:5      | Entered Level 5 of the Dungeon
  3432 | D:5      | Reached skill level 8 in Axes
  3480 | D:5      | Reached XP level 8. HP: 57/70 MP: 7/7
  3648 | D:5      | Reached skill level 5 in Armour
  3916 | D:5      | Found a sacrificial altar of Ru.
  4006 | D:5      | Found a glowing golden altar of the Shining One.
  4079 | D:6      | Reached skill level 9 in Axes
  4140 | D:6      | Received a gift from Trog
  4272 | D:6      | Reached skill level 5 in Shields
  4318 | D:6      | Found a staircase to the Ecumenical Temple.
  4730 | D:6      | Found a white marble altar of Elyvilon.
  4730 | D:6      | Found a deep blue altar of Sif Muna.
  5062 | D:7      | Found Wiesihou's Antique Weapon Shop.
  5097 | D:7      | Reached XP level 9. HP: 66/79 MP: 8/8
  5362 | D:7      | Found Cytoleir's Weapon Emporium.
  5363 | D:7      | Noticed Joseph
  5380 | D:7      | Killed Joseph
  5380 | D:7      | Reached ***** piety under Trog
  5380 | D:7      | Reached skill level 10 in Axes
  5414 | D:7      | Found a flagged portal.
  5419 | Bailey   | Entered a bailey
  6067 | Bailey   | Reached skill level 11 in Axes
  6336 | D:7      | Noticed Pikel
  6351 | D:7      | Killed Pikel
  6351 | D:7      | Reached XP level 10. HP: 89/89 MP: 9/9
  6436 | D:7      | Found Edeu's Food Shop.
  6569 | D:7      | Found Gautuq's General Store.
  6577 | D:7      | Bought a scroll of teleportation for 45 gold pieces
  6577 | D:7      | Bought a potion of might for 60 gold pieces
  6577 | D:7      | Bought a potion of heal wounds for 75 gold pieces
  6843 | D:8      | Noticed Gastronok
  6858 | D:8      | Killed Gastronok
  6858 | D:8      | Reached skill level 12 in Axes
  6885 | D:8      | Found a staircase to the Lair.
  7628 | D:9      | Noticed a two-headed ogre
  7634 | D:9      | Killed a two-headed ogre
  7750 | D:9      | Found a hazy altar of Hepliaklqana.
  7756 | D:9      | Reached XP level 11. HP: 58/97 MP: 10/10
  7761 | D:9      | Found a hide-covered altar of Uskayaw.
  7762 | D:9      | Found a burning altar of Makhleb.
  7771 | D:9      | Found an ornate altar of the Wu Jian Council.
  7774 | D:9      | Found a radiant altar of Vehumet.
  7933 | D:10     | Entered Level 10 of the Dungeon
  8122 | D:10     | Reached skill level 13 in Axes
  8411 | D:10     | Reached ****** piety under Trog
  8583 | D:11     | Noticed a cyan ugly thing
  8600 | D:11     | Killed a cyan ugly thing
  8775 | D:11     | Noticed a two-headed ogre
  8782 | D:11     | Killed a two-headed ogre
  8782 | D:11     | Reached skill level 10 in Fighting
  8782 | D:11     | Reached skill level 10 in Armour
  8895 | D:11     | Found a staircase to the Orcish Mines.
  9398 | D:12     | Received a gift from Trog
  9401 | D:12     | Reached skill level 14 in Axes
  9536 | D:12     | Got a distressingly furry scale mail
  9547 | D:12     | Identified the +8 scale mail "Cybasean" {rF++} (You found it on level 12 of the Dungeon)
  9868 | D:12     | Killed an unseen horror
  9890 | D:12     | Noticed a deep elf knight
  9891 | D:12     | Noticed Urug
  9906 | D:12     | Killed Urug
  9907 | D:12     | Killed a deep elf knight
  9909 | D:12     | Noticed a wizard
  9927 | D:12     | Cast into level 3 of the Abyss (a wizard)
  9966 | Abyss:3  | Reached XP level 12. HP: 92/108 MP: 11/11
 10015 | Abyss:3  | Reached skill level 1 in Stealth
 10019 | Abyss:3  | Reached skill level 15 in Axes
 10120 | Abyss:3  | Noticed a naga warrior
 10122 | D:12     | Escaped the Abyss
 10424 | D:12     | Reached skill level 16 in Axes
 10635 | D:12     | Noticed a tengu warrior
 10639 | D:12     | Killed a tengu warrior
 10686 | D:12     | Noticed a fire giant
 10686 | D:12     | Noticed a tengu reaver
 10693 | D:12     | Killed a tengu reaver
 10694 | D:12     | Noticed a seven-headed hydra
 10697 | D:12     | Killed a fire giant
 10758 | D:12     | Received a gift from Trog
 10762 | D:12     | Reached XP level 13. HP: 61/118 MP: 12/12
 11114 | Lair:1   | Entered Level 1 of the Lair of Beasts
 11144 | Lair:1   | Reached skill level 5 in Dodging
 11164 | Lair:1   | Reached skill level 17 in Axes
 11653 | Lair:2   | Reached skill level 1 in Maces & Flails
 11988 | Lair:2   | Found a staircase to the Snake Pit.
 12183 | Lair:2   | Found a staircase to the Shoals.
 12383 | Lair:2   | You fall through a shaft!
 12552 | Lair:3   | Found a transporter.
 12667 | Lair:3   | Found a transporter.
 12750 | Lair:3   | Reached skill level 5 in Maces & Flails
 12760 | Lair:3   | Got a jewelled cloak
 12782 | Lair:3   | Identified the cursed +0 cloak of Claustrophobia {rCorr} (You found it on level 3 of the Lair of Beasts)
 13521 | Lair:4   | Received a gift from Trog
 13597 | Lair:4   | Found a labyrinth entrance.
 13606 | Lab      | Entered a labyrinth
 14725 | Lab      | Noticed a minotaur
 14733 | Lab      | Killed a minotaur
 14885 | Lair:4   | Found the ring of Shadows {Umbra +Inv Stlth+}
 15704 | Lair:5   | Reached XP level 14. HP: 129/129 MP: 13/13
 15773 | Lair:5   | Reached skill level 18 in Axes
 15829 | Lair:5   | Received a gift from Trog
 15847 | Lair:5   | Got a glittering bronze ring
 15915 | Lair:5   | Identified the ring of Xom's Full Attention {rElec rPois} (You found it on level 5 of the Lair of Beasts)
 16001 | Lair:5   | Found a shimmering altar of Xom.
 16513 | Lair:6   | Entered Level 6 of the Lair of Beasts
 17247 | Lair:6   | Found a staircase to the Slime Pits.
 18234 | Lair:6   | Reached skill level 19 in Axes
 18379 | Lair:6   | Identified a scroll of acquirement
 18380 | Lair:6   | Got a fine wooden ring
 18382 | Lair:6   | Lost intelligence.
 18382 | Lair:6   | Identified the ring of the Marlin {rElec rN+ EV+2 Int-5} (You acquired it on level 6 of the Lair of Beasts)
 18578 | Lair:6   | Received a gift from Trog
 18721 | Snake:1  | Entered Level 1 of the Snake Pit
 18764 | Snake:1  | Found a sacrificial altar of Ru.
 18819 | Snake:1  | Noticed Roxanne
 19146 | Snake:1  | Killed Roxanne
 19147 | Snake:1  | Identified Roxanne's Handbook of Stones (You took it off Roxanne on level 1 of the Snake Pit)
 19325 | Snake:1  | Noticed Louise
 19353 | Snake:1  | Killed Louise
 19621 | Snake:1  | Reached skill level 15 in Fighting
 20049 | Snake:2  | Reached XP level 15. HP: 127/141 MP: 4/14
 20863 | Snake:2  | Noticed a nagaraja
 20878 | Snake:2  | Killed a nagaraja
 21013 | Snake:2  | Reached skill level 10 in Shields
 21597 | Snake:3  | Received a gift from Trog
 21884 | Snake:3  | Reached skill level 20 in Axes
 22354 | Snake:3  | Reached skill level 1 in Slings
 23082 | Snake:4  | Entered Level 4 of the Snake Pit
 23316 | Snake:4  | Found an iron altar of Okawaru.
 23590 | Snake:4  | Received a gift from Trog
 24031 | Snake:4  | Reached XP level 16. HP: 66/151 MP: 0/15
 24405 | Snake:4  | Reached skill level 5 in Slings
 25391 | Snake:4  | Got a serpentine rune of Zot
 26026 | Orc:1    | Entered Level 1 of the Orcish Mines
 26121 | Orc:1    | Received a gift from Trog
 26249 | Orc:2    | Entered Level 2 of the Orcish Mines
 26412 | Orc:2    | Noticed Erolcha
 26421 | Orc:2    | Killed Erolcha
 26461 | Orc:2    | Received a gift from Trog
 26619 | Orc:2    | Found a staircase to the Elven Halls.
 26771 | Orc:2    | Found Neiniozi's Antique Armour Emporium.
 26780 | Orc:2    | Paralysed by an orc sorcerer for 7 turns
 26787 | Orc:2    | Lost intelligence.
 26789 | Orc:2    | Demolished by an orc knight

Skill      XL: |  1  2  3  4  5  6  7  8  9 10 11 12 13 14 15 16 |
---------------+-------------------------------------------------+-----
Axes           | 4 5 6 7 8 9 11 12 14 16 17 19 20 | 20.7
Fighting       | 4 5 6 7 8 9 10 12 13 15 16 | 16.9
Armour         | 3 4 6 8 9 10 11 12 13 14 | 14.8
Shields        | 3 5 7 8 9 11 | 11.3
Dodging        | 3 4 5 6 7 |  7.1
Stealth        | 1 2 |  2.9
Maces & Flails | 6 |  6.0
Slings         | 4 6 |  6.9
Evocations     | |  0.1

Action                   |  1- 3 |  4- 6 |  7- 9 | 10-12 | 13-15 | 16-18 || total
-------------------------+-------+-------+-------+-------+-------+-------++-------
Melee: Hand axe          |    57 |   150 |   235 |       |       |       ||   442
       Headbutt          |    10 |    28 |    95 |   114 |   287 |    44 ||   578
       War axe           |       |       |   214 |   323 |       |       ||   537
       Battleaxe         |       |       |       |   158 |   474 |   184 ||   816
       Whip              |       |       |       |       |   240 |       ||   240
       Broad axe         |       |       |       |       |   407 |    25 ||   432
 Fire: Fustibalus        |       |       |       |       |   150 |    31 ||   181
Invok: Berserk           |     2 |     4 |     8 |     5 |    11 |     3 ||    33
       Trog's Hand       |       |     2 |       |     8 |     3 |     2 ||    15
       Burn Spellbooks   |       |       |       |     1 |     6 |       ||     7
       Brothers in Arms  |       |       |       |     4 |     2 |     3 ||     9
Evoke: Wand              |       |       |       |       |     2 |       ||     2
  Use: Potion            |     1 |     2 |       |     6 |       |     3 ||    12
       Scroll            |       |       |     6 |     4 |    21 |       ||    31
 Stab: Sleeping          |     1 |       |       |       |     5 |       ||     6
       Confused          |       |       |       |       |     5 |       ||     5
       Distracted        |       |       |       |       |       |     1 ||     1
  Eat: Chunk             |     1 |     9 |    17 |    16 |    13 |       ||    56
       Ration            |       |       |     1 |     3 |    12 |     4 ||    20
Armor: Animal skin       |    10 |     2 |       |       |       |       ||    12
       Scale mail        |       |    34 |    74 |   117 |   478 |    69 ||   772
       Leather armour    |       |     2 |       |       |       |       ||     2
       Chain mail        |       |       |    58 |    85 |       |       ||   143
       Plate armour      |       |       |    38 |     6 |       |       ||    44
Dodge: Dodged            |    32 |    79 |    85 |   189 |   586 |   137 ||  1108
Block: Large shield      |       |    31 |   356 |   245 |   438 |       ||  1070
